 Dungeon Crawl Stone Soup version 0.26.1-2-gb8aa6d0cf2 (webtiles) character file.

Game seed: 11812005526168896210

205 nightchill the Chopper (level 5, -4/50 HPs)
             Began as a Deep Dwarf Fighter on Mar 18, 2021.
             Slain by a lemure (5 damage)
             ... led by Pikel
             ... on level 3 of the Dungeon.
             The game lasted 00:07:06 (3129 turns).

nightchill the Chopper (Deep Dwarf Fighter)         Turns: 3129, Time: 00:07:06

Health: -4/50      AC: 11    Str: 20    XL:     5   Next: 52%
Magic:  5/5        EV:  7    Int:  9    God:
Gold:   177        SH:  9    Dex: 12    Spells: 4/4 levels left

rFire    + . .     SeeInvis .   a - +0 war axe
rCold    . . .     Faith    .   c - +0 kite shield
rNeg     . . .     Spirit   .   n - +4 scale mail {rF+}
rPois    .         Reflect  .   o - +1 hat
rElec    .         Harm     .   g - scarf {shadows}
rCorr    .         Rampage  .   (no gloves)
Will     .....                  (no boots)
Stlth    ..........             (no amulet)
HPRegen  0.00/turn              p - ring of flight
MPRegen  0.09/turn              (no ring)

@: non-regenerating
A: damage resistance, heal wounds, sense surroundings 1, no regeneration
a: Heal Wounds, Evoke Flight


You were on level 3 of the Dungeon.
You visited 1 branch of the dungeon, and saw 4 of its levels.

You collected 177 gold pieces.

Inventory:

Hand Weapons
 a - a +0 war axe (weapon)
 h - a +2 short sword of protection
Armour
 b - a +0 scale mail
 c - a +0 kite shield (worn)
 g - a scarf of shadows (worn)
 n - a +4 scale mail of fire resistance (worn)
 o - a +1 hat (worn)
Jewellery
 p - a ring of flight (left hand)
Scrolls
 e - a scroll of magic mapping {unknown}
 f - a scroll of identify {unknown}
 j - 2 scrolls of teleportation {unknown}
 l - 2 scrolls of remove curse {unknown}
 m - 2 scrolls of amnesia {unknown}
 r - 3 scrolls of enchant weapon {unknown}
 s - a scroll of noise {unknown}
 t - 2 scrolls of fear {unknown}
Potions
 d - a potion of might
 i - a potion of flight {unknown}
 k - a potion of berserk rage {unknown}
 q - a potion of ambrosia {unknown}


   Skills:
 + Level 3.9 Fighting
 * Level 5.0 Axes
 - Level 3.6 Armour
 - Level 3.6 Shields


You had 4 spell levels left.
You didn't know any spells.
Your spell library was empty.

Dungeon Overview and Level Annotations

Branches:
Dungeon (4/15)
 Temple: D:4-7

Altars:
Ashenzari
Cheibriados
Hepliaklqana
Nemelex Xobeh
Zin


Innate Abilities, Weirdness & Mutations

You are resistant to damage.
You can heal yourself by infusing magical energy.
You passively map a small area around you.
You do not regenerate.


Message History

You hit the lemure but do no damage.
The lemure is moderately wounded.
The lemure hits you. The lemure misses you.
You closely miss the lemure.
The lemure is moderately wounded.
The lemure hits you but does no damage.
You closely miss the lemure.
The lemure is moderately wounded.
You block the lemure's attack.
You barely miss the lemure.
The lemure is moderately wounded.
The lemure hits you but does no damage.
You hit the lemure.
The lemure is heavily wounded.
The lemure hits you but does no damage. The lemure hits you.
* * * LOW HITPOINT WARNING * * *
You hit the lemure but do no damage.
The lemure is heavily wounded.
The lemure hits you!
You die...

#####..# #.# #.### ## #..#
#.# #...## #. #..# #.#
#[#..####. #..# #.#
#......... #..# #.# #####
#.####.### #.## #.#
#...#####.##.....# #.# ##.##
#.#.......#.......
#.####...###.........#.......
#..........5@.######....._...
#........####.# #.#.......
#.......## #.# #.#.......
##......#####.######.##...[.#
##...#..............####.###
##.########.....##.........
#.# #####.#####..#.##
#.############.######...#
#..................####.#


You could see a lemure.

Vanquished Creatures
  An orc priest (D:3)
  Terence (D:2)
  5 adders
  2 oozes
  3 worms (D:2)
  5 dart slugs
  5 leopard geckos
  An orc (D:3)
  4 goblins (D:1)
  4 hobgoblins
  12 jackals
  11 kobolds
  A quokka (D:3)
  3 ball pythons
  5 bats
  A frilled lizard (D:3)
  10 rats
74 creatures vanquished.

Notes
Turn   | Place    | Note
-------+----------+-------------------------------------------
     0 | D:1      | nightchill the Deep Dwarf Fighter began the quest for the
                  | Orb.
     0 | D:1      | Reached XP level 1. HP: 20/20 MP: 1/1
    51 | D:1      | Reached XP level 2. HP: 24/27 MP: 2/2
   302 | D:1      | Reached XP level 3. HP: 25/34 MP: 3/3
   465 | D:1      | Reached skill level 3 in Axes
   982 | D:2      | Reached XP level 4. HP: 19/39 MP: 4/4
  1021 | D:2      | Noticed Terence
  1038 | D:2      | Killed Terence
  1130 | D:2      | Found a sparkling altar of Nemelex Xobeh.
  1144 | D:2      | Reached skill level 4 in Axes
  1323 | D:2      | Found a glowing silver altar of Zin.
  1619 | D:2      | Found a snail-covered altar of Cheibriados.
  1645 | D:2      | Reached XP level 5. HP: 16/50 MP: 5/5
  2299 | D:3      | Found a hazy altar of Hepliaklqana.
  2586 | D:3      | Found a broken altar of Ashenzari.
  2742 | D:3      | HP: 1/50 [orc priest/divine providence (6)]
  3093 | D:4      | Reached skill level 5 in Axes
  3097 | D:4      | Noticed a lemure
  3097 | D:4      | Noticed a lemure
  3119 | D:3      | HP: 2/50 [lemure[Pikel] (3)]
  3128 | D:3      | HP: 1/50 [lemure[Pikel] (1)]
  3129 | D:3      | Slain by a lemure

Illustrated notes

Levels and vault maps discovered:
D:1:      ebering_trefoil_3fold, layout_loops_ring
D:2:      layout_basic, overflow_temple_1_default, old_standard_altar,
          marbit_many_paths, uniq_terence
D:3:      layout_loops_ring, ashenzari_conservatory_becter, old_standard_altar
D:4:      layout_rooms, pdpol_wu_jian_five_deadly_venoms, serial_shops,
          nicolae_shop_overgrown_old_shop, tgw_xom, uniq_pikel

Skill      XL: |  1  2  3  4  5 |
---------------+----------------+-----
Fighting       | 3 |  3.9
Axes           | 3 4 5 |  5.0
Armour         | |  3.6
Shields        | |  3.6

Action                   |  1- 3 |  4- 6 || total
-------------------------+-------+-------++-------
Melee: War axe           |   136 |   153 ||   289
 Abil: Heal Wounds       |       |     1 ||     1
Armor: Scale mail        |    57 |    73 ||   130
Dodge: Dodged            |    38 |    45 ||    83
Block: Kite shield       |    78 |    89 ||   167
